 Dungeon Crawl Stone Soup version 0.31-a0-971-g75a2e9a4b4 (webtiles) character file.

Game seed: 6624219818500204127

93 Dordric the Sneak (level 5, 32/46 HPs)
             Began as a Meteoran Delver on Oct 28, 2023.
             Got out of the dungeon alive.
             The game lasted 00:01:15 (567 turns).

Dordric the Sneak (Meteoran Delver)                  Turns: 567, Time: 00:01:16

Health: 32/46      AC:  3    Str: 14    XL:     5   Next: 15%
Magic:  6/6        EV: 13    Int: 11    God:
Gold:   85         SH:  0    Dex: 17    Spells: 4/4 levels left

rFire   . . .        a - +0 falchion
rCold   . . .        (no shield)
rNeg    . . .        b - +0 leather armour
rPois   .            (no helmet)
rElec   .            (no cloak)
rCorr   .            (no gloves)
SInv    .            (no boots)
Will    .....        (no amulet)
Stlth   +            (no ring)
HPRegen 0.27/turn    (no ring)
MPRegen 0.10/turn

%: no passive effects
@: glowing
A: sense surroundings 1, otherworldly, glowing, explore regen
a: no special abilities


You escaped.
You visited 1 branch of the dungeon, and saw 5 of its levels.

You collected 85 gold pieces.

Inventory:

Hand Weapons
 a - a +0 falchion (weapon)
Armour
 b - a +0 leather armour (worn)
Wands
 g - a wand of digging (2)
Scrolls
 c - a scroll of fog
 d - a scroll of revelation
 e - a scroll of fear
Potions
 f - a potion of haste
 h - a potion of heal wounds {unknown}


   Skills:
 + Level 4.0 Fighting
 + Level 3.5 Long Blades
 + Level 3.1 Dodging
 + Level 4.1 Stealth


You had 4 spell levels left.
You didn't know any spells.
Your spell library contained the following spells:

 Spells                   Type           Power      Damage    Failure   Level
 Brom's Barrelling Bould  Conj/Erth      0%         2d3       99%         4
 Fireball                 Conj/Fire      0%         3d3       100%        5
 Iskenderun's Battlesphe  Conj           0%         2d6       100%        5
 Conjure Ball Lightning   Conj/Air       0%         3x3d6     100%        6
 Orb of Destruction       Conj           0%         9d5       100%        7


Dungeon Overview and Level Annotations

Branches:
Dungeon (5/15) Zot: 2422
 Temple: D:4-7

Altars:

Annotations:
D:1 1 runed translucent door


Innate Abilities, Weirdness & Mutations

You passively map a small area around you.
You are easily found by Zot.
You glow in the dark.
You regain HP and MP as you explore.


Message History

You kill the endoplasm!
The endoplasm freezes you.
You are frozen.
Items here: ††††.
You slash the endoplasm!
You kill the endoplasm!
An endoplasm comes into view.
You barely miss the rat.
The endoplasm quivers.
The rat misses you. x2
You slash the rat!
You kill the rat!
A rat comes into view.
Found 3 scrolls labelled QOIXKU TAANIU.
The endoplasm closely misses you.
Things that are here:
a rat corpse; a giant cockroach corpse The endoplasm quivers.
You hit the endoplasm.
The endoplasm is moderately wounded.
The endoplasm barely misses you.
You slash the endoplasm!
You kill the endoplasm!
You completely miss the endoplasm.
The rat twitches its whiskers.
The endoplasm freezes you.
You are frozen.
You hit the endoplasm. You punch the endoplasm.
You kill the endoplasm!
The rat bites you.
You hit the rat.
The rat is heavily wounded.
The rat barely misses you. The rat bites you.
You hit the rat.
You kill the rat!
No target in view!
Found a stone staircase leading down.
Found a staircase leading out of the dungeon.
There is a staircase leading out of the dungeon here.
You can't go down here!
You have escaped!

*, #............. * *
,+..........).. , * *
#............. ,,
#.#####....... *
#..#........... , ,
,................
###+#######+###.........
#..⌠...>...⌠..#.#.......
#..?...@......#.#.######
+⌠....###....⌠+...# *
#.............#.###
####.##+#######.## *
#.............#..#
#...†.........#..#### #
#.............#....(#
#.####†##########.#...#
#...†.............#...#


There were no monsters in sight!

Vanquished Creatures
  A hound (D:5)
  An iguana (D:5)
  An adder (D:3)
  An orc (D:3)
  6 endoplasms
  3 giant cockroaches (D:1)
  A goblin (D:3)
  A hobgoblin (D:4)
  4 jackals (D:1)
  2 kobolds
  5 rats (D:1)
26 creatures vanquished.

Notes
Turn   | Place    | Note
-------+----------+-------------------------------------------
     0 | D:5      | Dordric the Meteoran Delver began the quest for the Orb.
     0 | D:5      | Reached XP level 1. HP: 19/19 MP: 2/2
    71 | D:5      | Noticed a hound
    91 | D:5      | Killed a hound
    92 | D:5      | Reached XP level 2. HP: 7/27 MP: 3/3
    92 | D:5      | Reached XP level 3. HP: 9/33 MP: 4/4
   174 | D:5      | Reached XP level 4. HP: 14/40 MP: 5/5
   300 | D:4      | Noticed a scorpion
   512 | D:1      | Found a runed translucent door.
   536 | D:1      | Reached XP level 5. HP: 32/46 MP: 6/6
   567 | D:$      | Got out of the dungeon alive.

Illustrated notes

Levels and vault maps discovered:
D:1:      dpeg_arrival_caged_fury, layout_basic
D:2:      layout_basic, hellmonk_ecumenical_altar_run_dry, uniq_natasha,
          uniq_crazy_yiuf_cottage
D:3:      minmay_door_path, layout_loops_ring
D:4:      due_chaos_kobolds, layout_layer_cave, minmay_hedge_maze,
          hangedman_decor_peaks_small, uniq_duvessa, uniq_blork_the_orc,
          uniq_edmund
D:5:      layout_basic, minmay_stone_trees_small

Skill      XL: |  1  2  3  4 |
---------------+-------------+-----
Long Blades    | 3 |  3.5
Stealth        | 4 |  4.1
Dodging        | 3 |  3.1
Fighting       | 4 |  4.0

Action                     |  1- 3 |  4- 6 || total
---------------------------+-------+-------++-------
  Melee: Falchion          |    26 |    54 ||    80
         Punch             |     1 |     1 ||     2
  Evoke: Wand              |       |     1 ||     1
 Armour: Leather armour    |    21 |    28 ||    49
  Dodge: Dodged            |    13 |    34 ||    47

Table legend: (Time is in decaauts)
 A = Elapsed time spent in this place.
 B = Non-inter-level travel time spent in this place.
 C = Inter-level travel time spent in this place.
 D = Time resting spent in this place.
 E = Time spent auto-exploring this place.
 F = Levels seen in this place.
 G = Mean time per level.
                   A        B        C        D        E       F      G
               +--------+--------+--------+--------+--------+-----+--------+
         Total |    577 |    577 |      0 |    100 |    223 |   5 |  115.4 |
       Dungeon |    577 |    577 |      0 |    100 |    223 |   5 |  115.4 |
               +--------+--------+--------+--------+--------+-----+--------+

Top non-repeatable levels by time:
     D:5: 301 daAuts
     D:1: 153 daAuts
     D:3: 55 daAuts
     D:4: 45 daAuts
     D:2: 21 daAuts
